 Dungeon Crawl Stone Soup version 0.14-a0-848-g57a047c (webtiles) character file.

213 4tharraofdagon the Firebug (level 5, 5/28 HPs)
             Began as a Kobold Fire Elementalist on Nov 14, 2013.
             Quit the game on Level 4 of the Dungeon.
             The game lasted 00:04:56 (712 turns).

4tharraofdagon the Firebug (KoFE)                    Turns: 712, Time: 00:04:56

HP   5/28        AC  3     Str 10      XL: 5   Next: 16%
MP   9/9         EV 15     Int 14      God:
Gold 101         SH  0     Dex 17      Spells:  2 memorised,  3 levels left

Res.Fire  : . . .   See Invis. : .   j - +7,+9 flail of Fee Simple {speed, Str+3 Dex+1}
Res.Cold  : . . .   Warding    : .   a - +0 robe
Life Prot.: . . .   Conserve   : .   (no shield)
Res.Poison: .       Res.Corr.  : .   g - +0 helmet
Res.Elec. : .       Clarity    : .   (no cloak)
Sust.Abil.: . .     Spirit.Shd : .   (no gloves)
Res.Mut.  : .       Stasis     : .   (no boots)
Res.Rott. : .       Flight     : .   (no amulet)
Saprovore : + + .                    (no ring)
                                     (no ring)

@: mildly poisoned, slightly resistant to hostile enchantments, stealthy
A: disease resistance, carnivore 3, saprovore 2
a: no special abilities


You were on level 4 of the Dungeon.
You were completely stuffed.

You visited 1 branch of the dungeon, and saw 5 of its levels.

You collected 101 gold pieces.

Inventory:

Hand weapons
 d - a +2,+2 short sword of holy wrath
 j - the +7,+9 flail of Fee Simple (weapon) {speed, Str+3 Dex+1}
   (You found it on level 4 of the Dungeon)

   Attacks with this weapon take half as long, but cause slightly less damage.
   It affects your strength (+3).
   It affects your dexterity (+1).
Armour
 a - a +0 robe (worn)
 g - a +0 helmet (worn)
Comestibles
 c - a meat ration
Scrolls
 e - a scroll of random uselessness {unknown}
 f - a scroll of fear {unknown}
 h - a scroll of blinking {unknown}
 i - a scroll of amnesia {unknown}
 k - a scroll of magic mapping {unknown}
 n - a scroll of enchant armour {unknown}
Jewellery
 m - an uncursed amulet of clarity {unknown}
Books
 b - a book of Flames

   Spells                             Type                      Level
   *Flame Tongue                      Conjuration/Fire             1
   Throw Flame                        Conjuration/Fire             2
   *Conjure Flame                     Conjuration/Fire             3
   Inner Flame                        Hexes/Fire                   3
   Sticky Flame                       Conjuration/Fire             4
   Fireball                           Conjuration/Fire             5


   Skills:
 + Level 0.7 Fighting
 + Level 0.8 Maces & Flails
 - Level 2.4 Dodging
 - Level 2.6 Stealth
 + Level 1.8 Spellcasting
 * Level 2.5 Conjurations
 * Level 3.9 Fire Magic


You had 3 spell levels left.
You knew the following spells:

 Your Spells              Type           Power        Failure   Level  Hunger
a - Flame Tongue          Conj/Fire      ##...        10%         1    ##.....
b - Conjure Flame         Conj/Fire      ##......     21%         3    ####...


Dungeon Overview and Level Annotations

Branches:
Dungeon (5/16)
 Temple: D:4-7

Altars:

Annotations:
D:4 Pikel


Innate Abilities, Weirdness & Mutations

You recuperate from illness quickly.
You are small and have problems with some larger weapons.
You are carnivorous and can eat meat at any time.
You can eat rotten meat.


Message History

You are too injured to fight recklessly!
You are too injured to fight recklessly!
You hit the slave.
The slave is severely wounded.
The slave barely misses you.
Unknown command.
You barely miss the slave.
The slave is severely wounded.
Unknown command.
There is an open door here.
Drink which item? (? for menu, Esc to quit)
You feel better. The slave hits you!
* * * LOW HITPOINT WARNING * * *
Drink which item? (? for menu, Esc to quit)
That liquid tasted very nasty...
You are poisoned.
It was a potion of poison.
* * * LOW HITPOINT WARNING * * *
You feel sick. The slave completely misses you.
Unknown command.
Are you sure you want to abandon this character and quit the game? (Confirm with "yes".)

.........%.#########.
...........# ..........>#
...#####..# ### ## #...#..#
....... #.#...#..# ........
#.#...#..# ......... #.#...#..#
.........O#.#...@.)#
..........#.#...#@.#
..........#.#####..#
..........#........#
##'######+#..%.....#########.
............................).
.....<.#########...............
.......# #...............
.......# #...............


You could see a slave.

Vanquished Creatures
  A giant frog (D:4)
  2 adders
  2 giant geckos
  2 bats (D:4)
  A giant cockroach (D:3)
  5 hobgoblins
  A quokka (D:4)
  3 giant newts (D:3)
  A giant newt skeleton (D:4)
  4 goblins
  4 kobolds
  3 rats
29 creatures vanquished.

Notes
Turn   | Place    | Note
--------------------------------------------------------------
     0 | D:1      | 4tharraofdagon, the Kobold Fire Elementalist, began the quest for the Orb.
     0 | D:1      | Reached XP level 1. HP: 10/10 MP: 3/3
    16 | D:1      | Reached skill level 1 in Conjurations
   116 | D:2      | Reached XP level 2. HP: 10/15 MP: 0/4
   319 | D:3      | Reached XP level 3. HP: 7/19 MP: 1/5
   423 | D:3      | Learned a level 3 spell: Conjure Flame
   470 | D:4      | Got a slimy flail
   471 | D:4      | Identified the +7,+9 flail of Fee Simple {speed, Str+3 Dex+1} (You found it on level 4 of the Dungeon)
   471 | D:4      | Identified the +7,+9 flail of Fee Simple {speed, Str+3 Dex+1} (You found it on level 4 of the Dungeon)
   511 | D:4      | Noticed an ogre
   578 | D:4      | Reached XP level 4. HP: 24/24 MP: 4/7
   598 | D:4      | Noticed a slave
   600 | D:4      | Noticed Pikel
   600 | D:4      | Noticed a slave
   600 | D:4      | Noticed a slave
   601 | D:4      | Noticed a slave
   618 | D:5      | Entered Level 5 of the Dungeon
   625 | D:4      | Noticed a giant frog
   632 | D:4      | Killed a giant frog
   632 | D:4      | Reached XP level 5. HP: 21/28 MP: 7/9
   712 | D:4      | Quit the game

Action                   |  1- 3 |  4- 6 || total
-------------------------+-------+-------++-------
Melee: Short sword       |    28 |       ||    28
       Flail             |    13 |    14 ||    27
 Cast: Flame Tongue      |    26 |     1 ||    27
  Use: Potion            |     2 |     2 ||     4
 Stab: Sleeping          |     1 |       ||     1
